[Event "EYCC Open-U16 2019"]
[Site "Bratislava"]
[Date "2019.08.07"]
[Round "6.43"]
[White "Ruchko, Denis"]
[Black "Gomez Carreno, Martin"]
[Result "1/2-1/2"]
[ECO "A58"]
[WhiteElo "2002"]
[BlackElo "2078"]
[Annotator "NA"]
[PlyCount "113"]
[EventDate "2019.08.02"]
[EventType "swiss"]
[EventCountry "SVK"]
[SourceTitle "playchess.com"]
[Source "ChessBase"]
[SourceQuality "1"]
[TimeControl "40/5400+30:1800+30"]

1. d4 Nf6 2. c4 c5 3. d5 b5 4. cxb5 a6 5. bxa6 d6 6. Nc3 g6 7. e4 Bg7 8. Nf3 Qa5 9. Nd2 Bxa6 10. Bxa6 Qxa6 11. a4 O-O 12. Nb5 Qb7 13. O-O Na6 14. Ra3 Rfb8 15. Re1 Nc7 16. Nxc7 Qxc7 17. Nc4 Nd7 18. a5 Ra6 19. Qc2 Rb5 20. Bd2 Ne5 21. Qa4 Qb8 22. Nxe5 Bxe5 23. b3 Ra7 24. Rb1 Rc7 25. a6 Ra7 26. g3 Rb6 27. Qc4 Qa8 28. b4 Raxa6 29. Rxa6 Qxa6 30. Qxa6 Rxa6 31. bxc5 dxc5 32. Be3 c4 33. f4 Ba1 34. Kf2 Ra2+ 35. Kf3 f6 36. Rc1 Ra4 37. Bd2 Bd4 38. Rc2 Kf7 39. Ke2 h6 40. Be3 Ba1 41. g4 Kg7 42. Bc5 Kf7 43. Be3 h5 44. h3 Ke8 45. Bc5 Kd7 46. gxh5 gxh5 47. Kf3 e6 48. Rd2 c3 49. dxe6+ Kxe6 50. f5+ Kf7 51. Rc2 Bb2 52. Bf2 Ra1 53. Bd4 Rd1 54. Be3 Rh1 55. Kg2 Re1 56. Kf2 Rh1 57. Kg2 1/2-1/2

[Event "EYCC Open-U16 2019"]
[Site "Bratislava"]
[Date "2019.08.07"]
[Round "6.44"]
[White "Magold, Victor"]
[Black "Placer, Sebastian"]
[Result "1/2-1/2"]
[ECO "D70"]
[WhiteElo "1962"]
[BlackElo "2040"]
[Annotator "NA"]
[PlyCount "72"]
[EventDate "2019.08.02"]
[EventType "swiss"]
[EventCountry "SVK"]
[SourceTitle "playchess.com"]
[Source "ChessBase"]
[SourceQuality "1"]
[TimeControl "40/5400+30:1800+30"]

1. d4 Nf6 2. c4 g6 3. Nf3 Bg7 4. g3 d5 5. cxd5 Nxd5 6. Bg2 Nb6 7. O-O Nc6 8. e3 O-O 9. Nc3 Re8 10. Re1 a5 11. b3 e5 12. Nxe5 Nxe5 13. dxe5 Bxe5 14. Bb2 c6 15. Qe2 Qe7 16. Rac1 a4 17. Ne4 axb3 18. Bxe5 Qxe5 19. axb3 Ra3 20. Rc5 Qg7 21. Nd6 Rd8 22. Nxc8 Nxc8 23. Qc2 Ra1 24. Rf1 Nb6 25. Rc3 Rda8 26. Rd3 Qe5 27. Qd2 Rxf1+ 28. Bxf1 Nd5 29. Qe2 Ra1 30. Rd1 Nc3 31. Rd8+ Kg7 32. Qc4 Qf6 33. Rd4 Nd5 34. Qe2 Rb1 35. Qd3 Rb2 36. Be2 Ra2 1/2-1/2

[Event "EYCC Open-U16 2019"]
[Site "Bratislava"]
[Date "2019.08.07"]
[Round "6.45"]
[White "Sadovnikov, Konstantin"]
[Black "Nagy, Ladislav"]
[Result "0-1"]
[ECO "B23"]
[WhiteElo "1798"]
[BlackElo "2061"]
[Annotator "NA"]
[PlyCount "58"]
[EventDate "2019.08.02"]
[EventType "swiss"]
[EventCountry "SVK"]
[SourceTitle "playchess.com"]
[Source "ChessBase"]
[SourceQuality "1"]
[TimeControl "40/5400+30:1800+30"]

1. e4 c5 2. Nc3 e6 3. f4 Nc6 4. Nf3 Nge7 5. g3 g6 6. Bg2 Bg7 7. d3 d6 8. O-O O-O 9. Be3 b6 10. Bf2 Ba6 11. Re1 Rc8 12. d4 cxd4 13. Nxd4 Na5 14. Rb1 Qd7 15. Qg4 Rfd8 16. Red1 Nec6 17. e5 Qe7 18. Nxc6 Nxc6 19. exd6 Rxd6 20. Rxd6 Qxd6 21. Qf3 Nd4 22. Qd1 Rd8 23. Kh1 Qc7 24. Qc1 Ne2 25. Nxe2 Bxe2 26. Qe3 Qxc2 27. Be4 Bd3 28. Re1 Bxe4+ 29. Qxe4 Qxf2 0-1

[Event "EYCC Open-U16 2019"]
[Site "Bratislava"]
[Date "2019.08.07"]
[Round "6.46"]
[White "Ampelakiotis, Stavros"]
[Black "Karadzhov, Ivan"]
[Result "1-0"]
[ECO "C95"]
[WhiteElo "2080"]
[BlackElo "2023"]
[Annotator "NA"]
[PlyCount "127"]
[EventDate "2019.08.02"]
[EventType "swiss"]
[EventCountry "SVK"]
[SourceTitle "playchess.com"]
[Source "ChessBase"]
[SourceQuality "1"]
[TimeControl "40/5400+30:1800+30"]

1. e4 e5 2. Nf3 Nc6 3. Bb5 a6 4. Ba4 Nf6 5. O-O Be7 6. Re1 b5 7. Bb3 d6 8. c3 O-O 9. h3 Nb8 10. d4 Nbd7 11. Nbd2 Bb7 12. Bc2 Re8 13. a4 Bf8 14. Bd3 bxa4 15. Rxa4 Nb6 16. Ra2 exd4 17. cxd4 d5 18. e5 Nfd7 19. Nb3 g6 20. Na5 Qc8 21. h4 Bb4 22. Bd2 Bxa5 23. Bxa5 Nf8 24. h5 Nc4 25. Bc3 Ne6 26. b3 Nb6 27. Qc1 c5 28. Ba5 Nd7 29. Rc2 Nb8 30. Bb6 Nd7 31. Bxc5 Ndxc5 32. dxc5 Bc6 33. Ng5 Qb7 34. hxg6 fxg6 35. Rb2 Qb4 36. Nxe6 Rxe6 37. Qe3 Rae8 38. f4 Qc3 39. Rbb1 d4 40. Rec1 Qb4 41. Qf2 Bd5 42. Bc4 Qxc5 43. Bxa6 Qb6 44. Bd3 Rf8 45. Rc4 Kg7 46. Rxd4 Rxe5 47. Ra4 Qxf2+ 48. Kxf2 Rg5 49. Ra7+ Kh8 50. g3 Rh5 51. Rd7 Rh2+ 52. Ke3 Re8+ 53. Kd4 Be6 54. Rd6 Bg4 55. b4 Rg2 56. Rh1 Rxg3 57. Bxg6 Rb8 58. Rxh7+ Kg8 59. b5 Be2 60. Be4 Bxb5 61. Rdh6 Be8 62. Bd5+ Bf7 63. Bxf7+ Kf8 64. Rh8+ 1-0

[Event "EYCC Open-U16 2019"]
[Site "Bratislava"]
[Date "2019.08.07"]
[Round "6.47"]
[White "Holly, Andrej"]
[Black "Muntean, Victor"]
[Result "1/2-1/2"]
[ECO "C55"]
[WhiteElo "2046"]
[BlackElo "1971"]
[Annotator "NA"]
[PlyCount "84"]
[EventDate "2019.08.02"]
[EventType "swiss"]
[EventCountry "SVK"]
[SourceTitle "playchess.com"]
[Source "ChessBase"]
[SourceQuality "1"]
[TimeControl "40/5400+30:1800+30"]

1. e4 e5 2. Nf3 Nc6 3. Bc4 Nf6 4. d3 Be7 5. O-O O-O 6. Re1 d6 7. a4 Na5 8. Ba2 c5 9. c3 Be6 10. Bxe6 fxe6 11. Na3 Qd7 12. Bd2 a6 13. b4 cxb4 14. cxb4 Nc6 15. Nc4 Bd8 16. b5 Nd4 17. Nxd4 exd4 18. Bb4 axb5 19. axb5 Rxa1 20. Qxa1 Be7 21. Qxd4 Qxb5 22. Bxd6 Qd7 23. e5 Nd5 24. Nb6 Nxb6 25. Qxb6 Bd8 26. Qa7 Rf4 27. Rb1 Ra4 28. Qb8 h6 29. h3 Kh7 30. Qxb7 Qe8 31. Qf3 Bg5 32. Rb7 Rf4 33. Qd1 Qc6 34. Qb1 Bh4 35. d4+ Rf5 36. Rf7 Bxf2+ 37. Kh1 Bxd4 38. Rxf5 exf5 39. Qxf5+ Kg8 40. Qf8+ Kh7 41. Qf1 Qe4 42. Qd1 Bxe5 1/2-1/2

[Event "EYCC Open-U16 2019"]
[Site "Bratislava"]
[Date "2019.08.07"]
[Round "6.48"]
[White "Minko, Dmitry"]
[Black "Shahpalangov, Aydin"]
[Result "1-0"]
[ECO "B27"]
[WhiteElo "2061"]
[BlackElo "1851"]
[Annotator "NA"]
[PlyCount "79"]
[EventDate "2019.08.02"]
[EventType "swiss"]
[EventCountry "SVK"]
[SourceTitle "playchess.com"]
[Source "ChessBase"]
[SourceQuality "1"]
[TimeControl "40/5400+30:1800+30"]

1. e4 c5 2. Nf3 g6 3. d4 cxd4 4. Nxd4 Bg7 5. c4 d6 6. Nc3 Nf6 7. Be2 a6 8. Be3 O-O 9. O-O b6 10. f3 Bb7 11. Qd2 Re8 12. a3 Nbd7 13. b4 Rc8 14. Rac1 e6 15. Bf2 d5 16. exd5 exd5 17. Nxd5 Nxd5 18. cxd5 Nf6 19. b5 Qxd5 20. bxa6 Ba8 21. Rxc8 Rxc8 22. Rc1 Re8 23. Bc4 Qh5 24. Re1 Qc5 25. Rxe8+ Nxe8 26. Bf1 Qxa3 27. Nb5 Qe7 28. Bxb6 Be5 29. f4 Qf6 30. Be3 Bc7 31. Nxc7 Nxc7 32. Bd4 Qd8 33. Qb2 Nd5 34. a7 Ne7 35. Bf6 Qf8 36. Bxe7 Qxe7 37. Qb8+ Qf8 38. Qxf8+ Kxf8 39. Be2 Ke7 40. Bf3 1-0

[Event "EYCC Open-U16 2019"]
[Site "Bratislava"]
[Date "2019.08.08"]
[Round "7.1"]
[White "Barseghyan, Armen Ar."]
[Black "Teclaf, Pawel"]
[Result "1-0"]
[ECO "A04"]
[WhiteElo "2313"]
[BlackElo "2454"]
[Annotator "ChessBase"]
[PlyCount "115"]
[EventDate "2019.08.02"]
[EventType "swiss"]
[EventCountry "SVK"]
[SourceTitle "playchess.com"]
[Source "ChessBase"]
[SourceQuality "1"]
[TimeControl "40/5400+30:1800+30"]

1. Nf3 c5 2. c4 Nf6 3. Nc3 e6 4. e3 g6 5. d4 Bg7 6. Be2 O-O 7. O-O d6 8. b3 b6 9. Bb2 Bb7 10. Qc2 a6 11. Rac1 Nbd7 12. Rfd1 Qe7 13. a3 Rac8 14. b4 cxd4 15. Nxd4 Ne5 16. Qb3 Nfg4 17. h3 Nf6 18. Na4 Ba8 19. Nxb6 Rc7 20. Nxa8 Rxa8 21. Nf3 Ned7 22. Qd3 Bf8 23. Nd2 Rb8 24. Nb3 e5 25. e4 Rbc8 26. Qe3 Qe6 27. Na5 h5 28. Rc2 Kh7 29. Bc1 Kg8 30. Qd3 Kh7 31. Be3 Kg8 32. Rdc1 Rb8 33. Rd2 Kg7 34. Bd1 Qe8 35. Bb3 Qc8 36. Rdc2 Be7 37. f3 Bf8 38. Qd2 Kg8 39. Qf2 Kg7 40. Rd1 Be7 41. Rcd2 Qf8 42. Ba4 Qc8 43. g4 hxg4 44. hxg4 Nf8 45. Qh4 Nh5 46. Qh3 Nh7 47. Rh2 Bg5 48. f4 Nxf4 49. Bxf4 exf4 50. Qxh7+ Kf6 51. Qh3 Qe6 52. Nc6 Rxc6 53. Bxc6 Qe5 54. Qd3 Ke7 55. Qd4 Qe6 56. Qd5 Qf6 57. e5 Qxe5 58. Re2 1-0

[Event "EYCC Open-U16 2019"]
[Site "Bratislava"]
[Date "2019.08.08"]
[Round "7.2"]
[White "De Boer, Eelke"]
[Black "Sahidi, Samir"]
[Result "1-0"]
[ECO "C65"]
[WhiteElo "2279"]
[BlackElo "2369"]
[Annotator "NA"]
[PlyCount "129"]
[EventDate "2019.08.02"]
[EventType "swiss"]
[EventCountry "SVK"]
[SourceTitle "playchess.com"]
[Source "ChessBase"]
[SourceQuality "1"]
[TimeControl "40/5400+30:1800+30"]

1. e4 e5 2. Nf3 Nc6 3. Bb5 Nf6 4. O-O Bc5 5. Nxe5 Nxe5 6. d4 a6 7. Be2 Bxd4 8. Qxd4 d6 9. Nc3 h6 10. b3 Be6 11. f4 Nc6 12. Qd3 Rg8 13. Bb2 Qb8 14. Rad1 Qa7+ 15. Kh1 O-O-O 16. Nd5 Nd7 17. c4 Nc5 18. Qc2 Rde8 19. Bf3 Nd7 20. Qd2 f5 21. Nxc7 Kxc7 22. Qxd6+ Kc8 23. exf5 Bxf5 24. g4 Be4 25. Qxd7+ Kb8 26. Bxe4 Rxe4 27. Be5+ Nxe5 28. Qd5 Rc8 29. Qxe4 Nxg4 30. Qd4 Ne3 31. Qxg7 Nxd1 32. Rxd1 Qf2 33. Qg3 Qxa2 34. f5+ Ka8 35. Qf3 Qc2 36. f6 Rf8 37. Rd7 Qb1+ 38. Kg2 Qg6+ 39. Kh3 Rb8 40. c5 Qe8 41. Rd6 Ka7 42. f7 Qc8+ 43. Kg2 Qxc5 44. f8=Q Qg5+ 45. Kh1 Rxf8 46. Qxf8 Qc1+ 47. Kg2 Qg5+ 48. Kf3 Qh5+ 49. Ke3 Qe5+ 50. Kd3 Qb5+ 51. Kd4 Qb4+ 52. Ke5 Qe1+ 53. Kf6 Qh4+ 54. Kg7 Qxh2 55. Qf6 Qg3+ 56. Kxh6 Qh3+ 57. Kg7 Qg4+ 58. Kf8 Qc8+ 59. Rd8 Qc5+ 60. Kg8 Qg1+ 61. Qg7 Qxg7+ 62. Kxg7 Kb6 63. Rd5 Kc6 64. Ra5 Kb6 65. Re5 1-0

[Event "EYCC Open-U16 2019"]
[Site "Bratislava"]
[Date "2019.08.08"]
[Round "7.3"]
[White "Pogosyan, Stefan"]
[Black "Van Dael, Siem"]
[Result "1/2-1/2"]
[ECO "E62"]
[WhiteElo "2334"]
[BlackElo "2319"]
[Annotator "NA"]
[PlyCount "62"]
[EventDate "2019.08.02"]
[EventType "swiss"]
[EventCountry "SVK"]
[SourceTitle "playchess.com"]
[Source "ChessBase"]
[SourceQuality "1"]
[TimeControl "40/5400+30:1800+30"]

1. d4 Nf6 2. c4 g6 3. Nc3 Bg7 4. g3 O-O 5. Bg2 d6 6. Nf3 Nc6 7. O-O e5 8. d5 Nb8 9. e4 a5 10. Ne1 Na6 11. Nd3 Nc5 12. Nxc5 dxc5 13. f4 Ne8 14. fxe5 Bxe5 15. Bh6 Ng7 16. Qd2 Qe7 17. Rae1 Bd7 18. Bf4 Ne8 19. Bh6 Nd6 20. Bxf8 Qxf8 21. b3 Qg7 22. Rf3 h5 23. a4 b6 24. Nd1 Bg4 25. Rd3 Bxd1 26. Qxd1 Qh6 27. Qc1 Qxc1 28. Rxc1 Kg7 29. Re1 g5 30. Re2 Re8 31. Kf1 Ra8 1/2-1/2

[Event "EYCC Open-U16 2019"]
[Site "Bratislava"]
[Date "2019.08.08"]
[Round "7.4"]
[White "Globus, Or"]
[Black "Tsoi, Dmitry"]
[Result "1/2-1/2"]
[ECO "A40"]
[WhiteElo "2352"]
[BlackElo "2314"]
[Annotator "NA"]
[PlyCount "59"]
[EventDate "2019.08.02"]
[EventType "swiss"]
[EventCountry "SVK"]
[SourceTitle "playchess.com"]
[Source "ChessBase"]
[SourceQuality "1"]
[TimeControl "40/5400+30:1800+30"]

1. d4 Na6 2. e4 c6 3. Bd3 g6 4. Nf3 Bg7 5. O-O Nb4 6. Be2 d5 7. Nbd2 dxe4 8. Nxe4 Bf5 9. Ng3 Nf6 10. c3 Nbd5 11. Nxf5 gxf5 12. Bd3 e6 13. Re1 O-O 14. h3 Qd6 15. Ne5 Nd7 16. Nc4 Qc7 17. Qf3 b5 18. Ne3 N7f6 19. g4 fxg4 20. Nxd5 Nxd5 21. hxg4 Rae8 22. Bd2 Kh8 23. Kg2 f5 24. Rh1 Bf6 25. gxf5 Rg8+ 26. Kf1 e5 27. dxe5 Rxe5 28. Re1 Rxe1+ 29. Kxe1 Rd8 30. Kf1 1/2-1/2

[Event "EYCC Open-U16 2019"]
[Site "Bratislava"]
[Date "2019.08.08"]
[Round "7.5"]
[White "Juksta, Karolis"]
[Black "Veiga, Jose Francisco R P N"]
[Result "1-0"]
[ECO "A67"]
[WhiteElo "2261"]
[BlackElo "2357"]
[Annotator "NA"]
[PlyCount "77"]
[EventDate "2019.08.02"]
[EventType "swiss"]
[EventCountry "SVK"]
[SourceTitle "playchess.com"]
[Source "ChessBase"]
[SourceQuality "1"]
[TimeControl "40/5400+30:1800+30"]

1. d4 Nf6 2. c4 c5 3. d5 e6 4. Nc3 exd5 5. cxd5 d6 6. e4 g6 7. f4 Bg7 8. Bb5+ Nfd7 9. Bd3 O-O 10. Nf3 Qc7 11. O-O c4 12. Bc2 Na6 13. Be3 Nb4 14. Nb5 Qb8 15. a3 Nxc2 16. Qxc2 a6 17. Nbd4 Re8 18. Nd2 Nf6 19. Qxc4 Ng4 20. Rae1 Qa7 21. Nf5 Nxe3 22. Nxe3 Bxb2 23. Qb3 Bd4 24. Kh1 b5 25. Nc2 Bg7 26. Nf3 Qc5 27. Nb4 Bb7 28. e5 Rac8 29. Ng5 dxe5 30. fxe5 Rxe5 31. Rxe5 Bxe5 32. Qh3 h5 33. Nxf7 Qc1 34. Qd3 Rc3 35. Nxe5 Rxd3 36. Rxc1 Rxa3 37. d6 Kf8 38. d7 Ke7 39. Rd1 1-0

[Event "EYCC Open-U16 2019"]
[Site "Bratislava"]
[Date "2019.08.08"]
[Round "7.6"]
[White "Dudin, Gleb"]
[Black "Ognean, Mihnea-Ionut"]
[Result "1-0"]
[ECO "B31"]
[WhiteElo "2283"]
[BlackElo "2287"]
[Annotator "NA"]
[PlyCount "55"]
[EventDate "2019.08.02"]
[EventType "swiss"]
[EventCountry "SVK"]
[SourceTitle "playchess.com"]
[Source "ChessBase"]
[SourceQuality "1"]
[TimeControl "40/5400+30:1800+30"]

1. e4 c5 2. Nf3 Nc6 3. Bb5 g6 4. Bxc6 dxc6 5. d3 Bg7 6. h3 Nf6 7. Nc3 O-O 8. O-O Ne8 9. Be3 b6 10. Qd2 e5 11. Nh2 Nc7 12. f4 exf4 13. Bxf4 Ne6 14. Bh6 Nd4 15. Bxg7 Kxg7 16. Rf2 Be6 17. e5 f5 18. exf6+ Rxf6 19. Raf1 Rxf2 20. Rxf2 Qe7 21. Qe3 Rf8 22. Qe5+ Kg8 23. Ng4 Qg7 24. Rxf8+ Qxf8 25. Nf6+ Kh8 26. Nce4 Qh6 27. Nh5+ Kg8 28. Nef6+ 1-0

[Event "EYCC Open-U16 2019"]
[Site "Bratislava"]
[Date "2019.08.08"]
[Round "7.7"]
[White "Malovanyi, Yulian"]
[Black "Stefansson, Vignir Vatnar"]
[Result "1-0"]
[ECO "B23"]
[WhiteElo "2204"]
[BlackElo "2293"]
[Annotator "NA"]
[PlyCount "61"]
[EventDate "2019.08.02"]
[EventType "swiss"]
[EventCountry "SVK"]
[SourceTitle "playchess.com"]
[Source "ChessBase"]
[SourceQuality "1"]
[TimeControl "40/5400+30:1800+30"]

1. e4 c5 2. Nc3 Nc6 3. Nge2 Nf6 4. g3 e5 5. Bg2 d6 6. O-O g6 7. d3 Bg7 8. h3 O-O 9. f4 h6 10. Be3 Nd4 11. Qd2 Kh7 12. Rf2 Bd7 13. Raf1 Bc6 14. Kh2 Qe7 15. Nd1 Nxe2 16. Rxe2 exf4 17. gxf4 Nh5 18. Nc3 f5 19. Nd5 Bxd5 20. exd5 Qh4 21. Qe1 Qf6 22. Bc1 Qd4 23. Re6 g5 24. Qd1 Nxf4 25. Bxf4 gxf4 26. c3 Qe3 27. Rxe3 fxe3 28. Rxf5 Rxf5 29. Be4 Be5+ 30. Kh1 Raf8 31. Qh5 1-0

[Event "EYCC Open-U16 2019"]
[Site "Bratislava"]
[Date "2019.08.08"]
[Round "7.8"]
[White "Subelj, Jan"]
[Black "Cohen Revivo, Shoham"]
[Result "1-0"]
[ECO "C07"]
[WhiteElo "2425"]
[BlackElo "2254"]
[Annotator "NA"]
[PlyCount "85"]
[EventDate "2019.08.02"]
[EventType "swiss"]
[EventCountry "SVK"]
[SourceTitle "playchess.com"]
[Source "ChessBase"]
[SourceQuality "1"]
[TimeControl "40/5400+30:1800+30"]

1. e4 e6 2. d4 d5 3. Nd2 c5 4. exd5 Qxd5 5. Ngf3 cxd4 6. Bc4 Qd7 7. O-O Nc6 8. Nb3 a6 9. Nbxd4 Nf6 10. Re1 Nxd4 11. Nxd4 Bc5 12. c3 b5 13. Bb3 Bb7 14. Bg5 Ne4 15. Bh4 g5 16. Bg3 Nxg3 17. hxg3 O-O-O 18. Qh5 Qe7 19. a4 b4 20. Nf3 bxc3 21. bxc3 h6 22. Ne5 Rd2 23. Re2 Bxf2+ 24. Kxf2 Qc5+ 25. Kf1 Rhd8 26. Rae1 Qxc3 27. Re3 Bxg2+ 28. Kg1 Qc5 29. Qxf7 Bb7 30. Nf3 R2d6 31. R1e2 Kb8 32. Bc2 g4 33. Ne1 Rd2 34. Qf2 Rxc2 35. Rxc2 Qd5 36. Qf4+ Ka8 37. Rh2 Qc5 38. Qf2 Qb4 39. Rxh6 Rf8 40. Rb3 Qe7 41. Rxe6 Qg7 42. Qb6 Qf7 43. Rf6 1-0

[Event "EYCC Open-U16 2019"]
[Site "Bratislava"]
[Date "2019.08.08"]
[Round "7.9"]
[White "Horvath, Dominik"]
[Black "Haring, Filip"]
[Result "1/2-1/2"]
[ECO "B38"]
[WhiteElo "2424"]
[BlackElo "2334"]
[Annotator "NA"]
[PlyCount "38"]
[EventDate "2019.08.02"]
[EventType "swiss"]
[EventCountry "SVK"]
[SourceTitle "playchess.com"]
[Source "ChessBase"]
[SourceQuality "1"]
[TimeControl "40/5400+30:1800+30"]

1. c4 c5 2. Nf3 g6 3. e4 Bg7 4. d4 cxd4 5. Nxd4 Nc6 6. Be3 d6 7. Nc3 Qb6 8. Ndb5 Bxc3+ 9. Nxc3 Qxb2 10. Nd5 Nb4 11. Nxb4 Qxb4+ 12. Bd2 Qb2 13. Rb1 Qe5 14. Qf3 Bf5 15. Bd3 Nf6 16. Bf4 Qc3+ 17. Bd2 Qe5 18. Bf4 Qc3+ 19. Bd2 Qe5 1/2-1/2

[Event "EYCC Open-U16 2019"]
[Site "Bratislava"]
[Date "2019.08.08"]
[Round "7.10"]
[White "Stoyanov, Tsvetan"]
[Black "Mukhutdinov, Tigran"]
[Result "1-0"]
[ECO "B32"]
[WhiteElo "2387"]
[BlackElo "2328"]
[Annotator "NA"]
[PlyCount "59"]
[EventDate "2019.08.02"]
[EventType "swiss"]
[EventCountry "SVK"]
[SourceTitle "playchess.com"]
[Source "ChessBase"]
[SourceQuality "1"]
[TimeControl "40/5400+30:1800+30"]

1. e4 c5 2. Nf3 Nc6 3. d4 cxd4 4. Nxd4 e5 5. Nb5 d6 6. c4 Be7 7. N1c3 a6 8. Na3 f5 9. exf5 Bxf5 10. Bd3 Be6 11. Qh5+ Bf7 12. Qh3 Nf6 13. O-O Nd4 14. f4 Qc8 15. Qxc8+ Rxc8 16. Bd2 O-O 17. Rae1 Rfe8 18. Ne4 exf4 19. Ng5 f3 20. Nxf7 Kxf7 21. gxf3 d5 22. cxd5 b5 23. Be4 b4 24. Be3 bxa3 25. Bxd4 Rc4 26. Bxf6 gxf6 27. d6 Rg8+ 28. Kh1 Rxe4 29. fxe4 Bxd6 30. e5 1-0

[Event "EYCC Open-U16 2019"]
[Site "Bratislava"]
[Date "2019.08.08"]
[Round "7.11"]
[White "Svane, Frederik"]
[Black "Peyrer, Konstantin"]
[Result "1/2-1/2"]
[ECO "C78"]
[WhiteElo "2334"]
[BlackElo "2305"]
[Annotator "NA"]
[PlyCount "57"]
[EventDate "2019.08.02"]
[EventType "swiss"]
[EventCountry "SVK"]
[SourceTitle "playchess.com"]
[Source "ChessBase"]
[SourceQuality "1"]
[TimeControl "40/5400+30:1800+30"]

1. e4 e5 2. Nf3 Nc6 3. Bb5 a6 4. Ba4 Nf6 5. O-O b5 6. Bb3 Bc5 7. a4 Rb8 8. c3 d6 9. d4 Bb6 10. a5 Ba7 11. Be3 Ra8 12. dxe5 Nxe5 13. Nxe5 dxe5 14. Qxd8+ Kxd8 15. Bxa7 Rxa7 16. Bxf7 Nxe4 17. Bd5 Nf6 18. Bf3 e4 19. Be2 Be6 20. Nd2 Ke7 21. Rfd1 Rd8 22. f3 exf3 23. Nxf3 Rxd1+ 24. Rxd1 c5 25. Ne5 Rc7 26. Bf3 Bb3 27. Rd2 Ke6 28. Nd3 g5 29. Re2+ {[%emt 0:03:53] Ke5} 1/2-1/2

[Event "EYCC Open-U16 2019"]
[Site "Bratislava"]
[Date "2019.08.08"]
[Round "7.12"]
[White "Remizov, Yaroslav"]
[Black "Svanda, Ondrej"]
[Result "1/2-1/2"]
[ECO "B90"]
[WhiteElo "2357"]
[BlackElo "2234"]
[Annotator "NA"]
[PlyCount "50"]
[EventDate "2019.08.02"]
[EventType "swiss"]
[EventCountry "SVK"]
[SourceTitle "playchess.com"]
[Source "ChessBase"]
[SourceQuality "1"]
[TimeControl "40/5400+30:1800+30"]

1. e4 c5 2. Nf3 d6 3. d4 cxd4 4. Nxd4 Nf6 5. Nc3 a6 6. Be3 e5 7. Nf3 Be7 8. Bc4 O-O 9. O-O Nc6 10. a4 Be6 11. Qe2 Nb4 12. Bxe6 fxe6 13. Qc4 d5 14. Qb3 d4 15. Ng5 Qe8 16. f4 dxe3 17. fxe5 e2 18. Nxe2 Bc5+ 19. Kh1 Ng4 20. Rxf8+ Bxf8 21. Rf1 Qe7 22. Nxe6 Kh8 23. N2d4 Nxe5 24. Nf5 Qf7 25. Ne3 Qe7 1/2-1/2

[Event "EYCC Open-U16 2019"]
[Site "Bratislava"]
[Date "2019.08.08"]
[Round "7.13"]
[White "Ongut, Tamas Gunes"]
[Black "Degraeve, Remy"]
[Result "1-0"]
[ECO "C45"]
[WhiteElo "2158"]
[BlackElo "2349"]
[Annotator "NA"]
[PlyCount "79"]
[EventDate "2019.08.02"]
[EventType "swiss"]
[EventCountry "SVK"]
[SourceTitle "playchess.com"]
[Source "ChessBase"]
[SourceQuality "1"]
[TimeControl "40/5400+30:1800+30"]

1. e4 e5 2. Nf3 Nc6 3. d4 exd4 4. Nxd4 Nf6 5. Nxc6 bxc6 6. e5 Qe7 7. Qe2 Nd5 8. c4 Ba6 9. b3 g6 10. Ba3 Qh4 11. Bb2 Bb4+ 12. Nd2 Nc3 13. g3 Qd4 14. Qd3 Qxe5+ 15. Qe3 Qxe3+ 16. fxe3 Ne4 17. Bxh8 O-O-O 18. O-O-O Bxd2+ 19. Rxd2 Nxd2 20. Bf6 Nxf1 21. Bxd8 Nxe3 22. Bg5 Nf5 23. g4 Ng7 24. Rf1 Ne6 25. Be3 Nd8 26. Bg5 Ne6 27. h4 d5 28. Rxf7 dxc4 29. Be3 cxb3 30. axb3 h5 31. Re7 Nd8 32. Bg5 Nb7 33. gxh5 gxh5 34. Bf4 Nc5 35. Rxc7+ Kd8 36. Rxc6 Nd3+ 37. Kd2 Nb4 38. Rc5 Ke7 39. Kc3 Nd3 40. Bg5+ 1-0

[Event "EYCC Open-U16 2019"]
[Site "Bratislava"]
[Date "2019.08.08"]
[Round "7.14"]
[White "Milosevic, Milos"]
[Black "Kazmin, Semen"]
[Result "1-0"]
[ECO "C18"]
[WhiteElo "2312"]
[BlackElo "2193"]
[Annotator "NA"]
[PlyCount "83"]
[EventDate "2019.08.02"]
[EventType "swiss"]
[EventCountry "SVK"]
[SourceTitle "playchess.com"]
[Source "ChessBase"]
[SourceQuality "1"]
[TimeControl "40/5400+30:1800+30"]

1. e4 e6 2. d4 d5 3. Nc3 Bb4 4. e5 c5 5. a3 Bxc3+ 6. bxc3 Ne7 7. Qg4 Qc7 8. Bd3 cxd4 9. Ne2 dxc3 10. Qxg7 Rg8 11. Qxh7 Nbc6 12. Bf4 Bd7 13. Bg3 O-O-O 14. Qxf7 Rdf8 15. Qh5 Nf5 16. Bxf5 Rxf5 17. Qh4 Qb6 18. O-O Qc5 19. Rab1 Rfg5 20. Rb3 d4 21. Rfb1 Rg4 22. Qh7 Na5 23. Rb4 Rd8 24. h3 Rgg8 25. Qd3 Bc6 26. Rxd4 Qxa3 27. Rd1 Rxd4 28. Qxd4 b6 29. Nxc3 Qb2 30. Qd3 Rg7 31. Ne4 Rd7 32. Nd6+ Kb8 33. Qg6 Rd8 34. h4 Nb7 35. h5 a5 36. h6 a4 37. h7 a3 38. Qg8 Qxc2 39. Rf1 a2 40. Qxd8+ Nxd8 41. h8=Q Kc7 42. Bh4 1-0

[Event "EYCC Open-U16 2019"]
[Site "Bratislava"]
[Date "2019.08.08"]
[Round "7.15"]
[White "Sargsyan, Tigran R."]
[Black "Bukatin, Arseny"]
[Result "1-0"]
[ECO "D00"]
[WhiteElo "2314"]
[BlackElo "2016"]
[Annotator "NA"]
[PlyCount "81"]
[EventDate "2019.08.02"]
[EventType "swiss"]
[EventCountry "SVK"]
[SourceTitle "playchess.com"]
[Source "ChessBase"]
[SourceQuality "1"]
[TimeControl "40/5400+30:1800+30"]

1. d4 d5 2. Bf4 Nf6 3. e3 e6 4. Nf3 c5 5. c3 Nc6 6. Nbd2 Bd6 7. Bg3 O-O 8. Bb5 Bxg3 9. hxg3 Qb6 10. Bxc6 bxc6 11. Qc2 Rb8 12. Rb1 Ba6 13. Ne5 g6 14. Nb3 cxd4 15. exd4 Bc4 16. Nxc4 dxc4 17. Nc5 e5 18. O-O exd4 19. cxd4 Rfd8 20. Qxc4 Qb4 21. Qxb4 Rxb4 22. Nb3 Ne4 23. Rfc1 Rd6 24. Rc2 Rb5 25. Re1 f5 26. g4 a5 27. gxf5 gxf5 28. Rc4 Kf7 29. f3 Nf6 30. Ra4 Nd7 31. Rxa5 Rxa5 32. Nxa5 Rxd4 33. Nxc6 Rd2 34. Re7+ Kf6 35. Rxh7 Nc5 36. b4 Ne6 37. Rh6+ Kf7 38. Ne5+ Ke7 39. a4 Nf4 40. Ng6+ Nxg6 41. Rxg6 1-0

[Event "EYCC Open-U16 2019"]
[Site "Bratislava"]
[Date "2019.08.08"]
[Round "7.16"]
[White "Timoshin, Andrei"]
[Black "Mis, Mieszko"]
[Result "1/2-1/2"]
[ECO "B50"]
[WhiteElo "2154"]
[BlackElo "2284"]
[Annotator "NA"]
[PlyCount "76"]
[EventDate "2019.08.02"]
[EventType "swiss"]
[EventCountry "SVK"]
[SourceTitle "playchess.com"]
[Source "ChessBase"]
[SourceQuality "1"]
[TimeControl "40/5400+30:1800+30"]

1. e4 c5 2. Nf3 d6 3. d4 Nf6 4. Nc3 cxd4 5. Qxd4 a6 6. h3 Nc6 7. Qe3 g6 8. Bd2 Bg7 9. Nd5 O-O 10. c4 Rb8 11. Bd3 b5 12. cxb5 axb5 13. O-O Be6 14. Nxf6+ Bxf6 15. Rac1 Ne5 16. Nxe5 Bxe5 17. b3 b4 18. f4 Bg7 19. f5 Bd7 20. Qf3 Bb5 21. Bg5 Qd7 22. f6 exf6 23. Bxb5 Rxb5 24. Bxf6 Bxf6 25. Qxf6 Re8 26. Rc4 d5 27. exd5 Qxd5 28. Rc7 Rf8 29. Rf4 Rb7 30. Rxb7 Qxb7 31. Qd6 Qa7+ 32. Kh2 Qxa2 33. Rxb4 Qa3 34. Qf4 Qa7 35. Rb5 Re8 36. Qg3 Rd8 37. Qe5 Qa8 38. b4 Re8 1/2-1/2